 Dungeon Crawl Stone Soup version 0.20-a0-45-gb3e417c (webtiles) character file.

60 Karnivor the Shield-Bearer (level 4, -1/28 HPs)
             Began as a Gargoyle Fighter on Nov 12, 2016.
             Slain by oldriver's ghost (3 damage)
             ... on level 4 of the Dungeon.
             The game lasted 00:06:27 (1670 turns).

Karnivor the Shield-Bearer (Gargoyle Fighter)       Turns: 1670, Time: 00:06:27

Health: -1/28      AC: 10    Str: 18 (21) XL:     4   Next: 6%
Magic:  4/4        EV:  7    Int:  7 (8)  God:
Gold:   80         SH:  8    Dex:  7 (9)  Spells: 0 memorised, 3 levels left

rFire  . . .     SeeInvis .     a - +0 flail
rCold  . . .     Gourm    .     b - +0 scale mail
rNeg   + . .     Faith    .     c - +0 shield
rPois  ∞         Spirit   .     (no helmet)
rElec  +         Reflect  .     (no cloak)
rCorr  .         Harm     .     (no gloves)
MR     .....                    (no boots)
Stlth  ..........               (no amulet)
                                (no ring)
                                (no ring)

@: no status effects
A: negative energy resistance 1, electricity resistance, unbreathing,
petrification resistance, rot immunity, AC +3
a: no special abilities


You were on level 4 of the Dungeon.
You were not hungry.

You visited 1 branch of the dungeon, and saw 4 of its levels.

You collected 80 gold pieces.

Inventory:

Hand Weapons
 a - a +0 flail (weapon)
Armour
 b - a +0 scale mail (worn)
 c - a +0 shield (worn)
Wands
 r - a wand of acid (0/15)
Scrolls
 e - 4 scrolls of recharging {unknown}
 h - 2 scrolls of teleportation {unknown}
 l - a scroll of identify {unknown}
 m - 2 scrolls of enchant weapon {unknown}
 q - 2 scrolls of remove curse {unknown}
 s - a scroll of blinking {unknown}
Potions
 d - a potion of might
 j - a potion of curing {unknown}
 k - a potion of resistance {unknown}
 n - a potion of lignification {unknown}
 o - a potion of degeneration
 p - a potion of flight {unknown}
Comestibles
 f - a bread ration
 g - 4 chunks of flesh
 i - a meat ration


   Skills:
 * Level 3.5 Fighting
 * Level 3.0 Maces & Flails
 + Level 3.7 Armour
 + Level 0.4 Dodging
 + Level 3.7 Shields
 + Level 0.3 Evocations


You had 3 spell levels left.
You didn't know any spells.

Dungeon Overview and Level Annotations

Branches:
Dungeon (4/15)
 Temple: D:4-7

Altars:
Qazlal

Annotations:
D:3 GlassEater's ghost, amateur KoAE
D:4 oldriver's ghost, amateur GrFi


Innate Abilities, Weirdness & Mutations

You are resistant to torment.
Your stone body is resilient. (AC +3)
You are immune to poison.
You resist negative energy. (rN+)
You are resistant to electric shocks. (rElec)
You can survive without breathing.
You are immune to petrification.
You are immune to rotting.


Message History

Oldriver's ghost is severely damaged.
Oldriver's ghost hits you.
You hit oldriver's ghost.
Oldriver's ghost is severely damaged.
Oldriver's ghost hits you!
* * * LOW HITPOINT WARNING * * *
You block oldriver's ghost's attack.
Evoke which item? (* to show all) (? for menu, Esc to quit)
Zapping:
r - a wand of acid (?/15) {zapped: 8} (will waste charges)
Press: ? - help, Shift-Dir - straight line, f/p - oldriver's ghost
Aim: oldriver's ghost (severely damaged, covered in acid) Nothing appears to happen.
You block oldriver's ghost's attack.
Evoke which item? (* to show all) (? for menu, Esc to quit)
This wand has no charges.
Unknown command.
It was a potion of degeneration.
There was something very wrong with that liquid.
You feel weakened.
You feel dopey.
You feel clumsy. Oldriver's ghost hits you.
You die...

#...........#
#..........#
#..........#
#.........##
#..........#
#...<..#....
##..........
##W......##
##.@..#####
#.##### ###


You could see oldriver's ghost.

Vanquished Creatures
  An adder (D:2)
  8 bats
  3 giant cockroaches
  6 goblins
  7 hobgoblins
  3 jackals (D:2)
  A quokka (D:3)
  A ball python (D:1)
  A frilled lizard (D:2)
  6 kobolds
  7 rats
44 creatures vanquished.

Notes
Turn   | Place    | Note
-------+----------+-------------------------------------------
     0 | D:1      | Karnivor the Gargoyle Fighter began the quest for the Orb.
     0 | D:1      | Reached XP level 1. HP: 14/14 MP: 1/1
   157 | D:1      | Reached XP level 2. HP: 19/19 MP: 2/2
   552 | D:2      | Reached XP level 3. HP: 23/23 MP: 3/3
   561 | D:2      | Found a stormy altar of Qazlal.
  1498 | D:3      | Reached XP level 4. HP: 28/28 MP: 4/4
  1541 | D:3      | Noticed GlassEater's ghost (amateur KoAE)
  1638 | D:4      | Noticed oldriver's ghost (amateur GrFi)
  1670 | D:4      | Slain by oldriver's ghost

Vault maps used:
D:1:      minmay_arrival_stone_box
D:2:      lemuel_coloured_pillars_altar
D:3:      minmay_misc_feat_nine_boxes, uniq_sigmund
D:4:      uniq_duvessa

Skill      XL: |  1  2  3 |
---------------+----------+-----
Maces & Flails | 3 |  3.0
Fighting       | |  3.5
Armour         | |  3.7
Dodging        | |  0.4
Shields        | |  3.7
Evocations     | |  0.3

Action                   |  1- 3 |  4- 6 || total
-------------------------+-------+-------++-------
Melee: Flail             |   191 |    28 ||   219
Evoke: Wand              |       |     3 ||     3
  Use: Potion            |       |     1 ||     1
  Eat: Chunk             |     2 |     1 ||     3
Armor: Scale mail        |   140 |    15 ||   155
Dodge: Dodged            |    78 |     7 ||    85
Block: Shield            |   141 |    16 ||   157
